 Dungeon Crawl Stone Soup version 0.31-a0-435-g2c6fae2916 (webtiles) character file.

Game seed: 10583349750498827812

54 Gelion the Changeling (level 3, -1/24 HPs)
             Began as an Octopode Shapeshifter on Aug 1, 2023.
             Slain by Terence
             ... wielding a +0 flail
              (10 damage)
             ... on level 2 of the Dungeon.
             The game lasted 00:02:09 (937 turns).

Gelion the Changeling (Octopode Shapeshifter)        Turns: 937, Time: 00:02:10

Health: -1/24      AC:  1    Str: 14    XL:     3   Next: 91%
Magic:  3/3        EV: 13    Int: 10    God:
Gold:   106        SH:  0    Dex: 14    Spells: 2/2 levels left

rFire   . .          .
                       - Unarmed
rCold   . . .        (no shield)
rNeg    . . .        (helmet currently unavailable)
rPois   .            c - amulet of regeneration
rElec   .            (no ring)
rCorr   .            (no ring)
SInv    .            (no ring)
Will    .....        (no ring)
Stlth   ++           (no ring)
HPRegen 1.04/turn    (no ring)
MPRegen 0.08/turn    (no ring)
                     (no ring)

%: no passive effects
@: beast-form
A: beast (slay +2), almost no armour, amphibious, 8 rings, camouflage 1,
gelatinous body 1, (nimble swimmer 1), tentacles
a: Begin Untransformation


You were on level 2 of the Dungeon.
You were a hulking beast.
You visited 1 branch of the dungeon, and saw 2 of its levels.

You collected 106 gold pieces.

Inventory:

Missiles
 d - 2 throwing nets
Jewellery
 c - an amulet of regeneration (around mantle)
Talismans
 b - a beast talisman (active)
Scrolls
 e - a scroll of teleportation {unknown}
Potions
 a - a potion of lignification


   Skills:
 + Level 2.0 Fighting
 - Level 2.0 Dodging
 + Level 3.4 Unarmed Combat
 * Level 3.6 Shapeshifting


You had 2 spell levels left.
You didn't know any spells.
Your spell library contained the following spells:

 Spells                   Type           Power      Damage    Failure   Level
 Frozen Ramparts          Ice            0%         1d1       75%         3
 Petrify                  Tmut/Erth      0%         N/A       98%         4
 Metabolic Englaciation   Hex/Ice        0%         N/A       100%        5


Dungeon Overview and Level Annotations

Branches:
Dungeon (2/15)

Altars:

Annotations:
D:2 Terence


Innate Abilities, Weirdness & Mutations

You are a hulking beast.
Your limbs bulge with bestial killing power. (Slay +2)
You cannot wear most types of armour.
You are amphibious.
You can wear up to eight rings at the same time.
Your skin changes colour to match your surroundings (Stealth+).
Your rubbery body absorbs attacks. (AC +1, EV +1)
((You are camouflaged when in or above water. (Stealth+)))
You have tentacles for arms and can constrict up to eight enemies at once.


Message History

The dart slug is moderately wounded.
You constrict the dart slug. The dart slug closely misses you.
You bludgeon the dart slug!
You kill the dart slug!
No target in view!
A frilled lizard comes into view.
A frilled lizard is nearby!
The frilled lizard hisses angrily.
You bludgeon the frilled lizard!
You kill the frilled lizard!
No target in view!
You see here a frilled lizard corpse.
A quokka comes into view.
A quokka is nearby!
Found a stone staircase leading down.
The helpless quokka fails to defend itself.
You tentacle-slap the quokka.
You kill the quokka!
Your Fighting skill increases to level 2!
No target in view!
e - a scroll labelled IFIMAO VIFIRGH
Found a ring mail.
Terence the Incautious comes into view.
He is wielding a +0 flail and wearing a +2 chain mail of cold resistance.
Terence shouts!
Terence moves out of view.
Terence hits you with a +0 flail!
Ouch! That really hurt!
You are too injured to fight recklessly!
You are too injured to fight recklessly!
You are too injured to fight recklessly!
You tentacle-slap Terence but do no damage.
You grab Terence.
You tentacle-slap Terence, but do no damage.
You constrict Terence. Terence hits you with a +0 flail.
You tentacle-slap Terence but do no damage.
You squeeze Terence.
Terence is moderately wounded.
You constrict Terence, but do no damage.
Terence hits you with a +0 flail!
You die...

#### ##### ##### .....
######...# #....
.....##....#...# #....
...........#...#####....
#....................
####....##...##.....###.
#......h##............#.
#..[...@###...†.###...#.
#....#...>............#.
######........#.......##
#....##..........##
#....##............
#.....#....#..#####
......#....#..# #..
#....#..###..


You could see Terence.

Vanquished Creatures
  2 dart slugs
  2 bats (D:2)
  2 endoplasms
  13 giant cockroaches
  4 goblins (D:1)
  2 hobgoblins
  3 jackals (D:2)
  2 quokkas (D:2)
  5 ball pythons
  2 frilled lizards (D:2)
  3 kobolds (D:1)
  2 rats (D:1)
42 creatures vanquished.

Notes
Turn   | Place    | Note
-------+----------+-------------------------------------------
     0 | D:1      | Gelion the Octopode Shapeshifter began the quest for the
                  | Orb.
     0 | D:1      | Reached XP level 1. HP: 13/13 MP: 1/1
   202 | D:1      | Reached XP level 2. HP: 18/18 MP: 2/2
   790 | D:2      | Reached XP level 3. HP: 23/23 MP: 3/3
   932 | D:2      | Noticed Terence
   937 | D:2      | Slain by Terence

Illustrated notes

Levels and vault maps discovered:
D:1:      lordsloth_arrival_two_stooges, layout_loops_ring, st_stairs_8
D:2:      minmay_roachtagon, layout_basic, hellmonk_ecumenical_altar_run_dry,
          uniq_crazy_yiuf_cottage, uniq_terence

Skill      XL: |  1  2  3 |
---------------+----------+-----
Fighting       | 2 |  2.0
Dodging        | |  2.0
Unarmed Combat | |  3.4
Shapeshifting  | |  3.6

Action                     || total
---------------------------++-------
  Melee: Unarmed           ||    76
         Constrict         ||    25
         Tentacles         ||    13
         Punch             ||     5
    Use: Scroll            ||     1
   Stab: Sleeping          ||     5
 Armour: Skin              ||     3
  Dodge: Dodged            ||    53

Table legend: (Time is in decaauts)
 A = Elapsed time spent in this place.
 B = Non-inter-level travel time spent in this place.
 C = Inter-level travel time spent in this place.
 D = Time resting spent in this place.
 E = Time spent auto-exploring this place.
 F = Levels seen in this place.
 G = Mean time per level.
                   A        B        C        D        E       F      G
               +--------+--------+--------+--------+--------+-----+--------+
         Total |    932 |    901 |     31 |      0 |    694 |   2 |  466.0 |
       Dungeon |    932 |    901 |     31 |      0 |    694 |   2 |  466.0 |
               +--------+--------+--------+--------+--------+-----+--------+

Top non-repeatable levels by time:
     D:1: 637 daAuts
     D:2: 295 daAuts
